 Dungeon Crawl Stone Soup version 0.21-a0-471-gd587bd5 (webtiles) character file.

287 sagitran the Sneak (level 6, -7/29 HPs)
             Began as a Spriggan Enchanter on Nov 21, 2017.
             Was an Initiate of Wu Jian.
             Shot with an arrow by a centaur (14 damage)
             ... on level 5 of the Dungeon.
             The game lasted 00:12:09 (2098 turns).

sagitran the Sneak (Spriggan Enchanter)             Turns: 2098, Time: 00:12:10

Health: -7/29      AC:  3    Str:  5    XL:     6   Next: 8%
Magic:  10/11      EV: 20    Int: 16    God:    Wu Jian [......]
Gold:   123        SH:  0    Dex: 18    Spells: 4/10 levels left

rFire    . . .     SeeInvis +   g - +4 short sword
rCold    . . .     Gourm    .   (shield restricted)
rNeg     . . .     Faith    .   b - +1 robe
rPois    +         Spirit   .   (helmet restricted)
rElec    .         Reflect  .   (no cloak)
rCorr    .         Harm     .   (gloves unavailable)
MR       +....                  (boots unavailable)
Stlth    ++++......             (no amulet)
HPRegen  0.09/turn              e - +5 ring of slaying
MPRegen  0.12/turn              f - ring of poison resistance

@: very quick
A: unfitting armour, see invisible, herbivore 3, speed 3, slow metabolism 2
a: Renounce Religion


You were on level 5 of the Dungeon.
You worshipped Wu Jian.
Wu Jian was noncommittal.
You were not hungry.

You visited 1 branch of the dungeon, and saw 5 of its levels.

You collected 123 gold pieces.

Inventory:

Hand Weapons
 a - a +1 dagger
 g - a +4 short sword (weapon)
 i - a +0 dagger of venom
 m - a +0 shortbow
Missiles
 v - 15 arrows
Armour
 b - a +1 robe (worn)
Jewellery
 e - a +5 ring of slaying (left hand)
 f - a ring of poison resistance (right hand)
Wands
 h - a wand of polymorph (12)
 p - a wand of flame (26)
Scrolls
 r - a scroll of remove curse
Potions
 n - a potion of lignification
 o - a potion of heal wounds {unknown}
 q - a potion of curing {unknown}
 t - a potion of brilliance
Books
 c - a book of Maledictions

   Spells                             Type                      Level
   a - Corona                         Hexes                        1
   b - Ensorcelled Hibernation        Hexes/Ice                    2
   c - Confuse                        Hexes                        3
   d - Tukima's Dance                 Hexes                        3
   e - Dazzling Spray                 Conjuration/Hexes            3
Comestibles
 d - a bread ration
 j - 3 royal jellies
 k - 10 fruits


   Skills:
 + Level 0.9 Fighting
 + Level 3.6 Short Blades
 + Level 4.2 Dodging
 + Level 7.4 Stealth
 + Level 2.9 Spellcasting
 + Level 4.4 Hexes


You had 4 spell levels left.
You knew the following spells:

 Your Spells              Type           Power        Failure   Level  Hunger
a - Corona                Hex            ###....      3%          1    #......
b - Ensorcelled Hibernat  Hex/Ice        #.....       12%         2    ##.....
c - Dazzling Spray        Conj/Hex       #.....       22%         3    ###....


Dungeon Overview and Level Annotations

Branches:
Dungeon (6/15)
 Temple: D:4-7

Altars:
Nemelex Xobeh
Wu Jian

Shops:
D:6 :


Innate Abilities, Weirdness & Mutations

You are very small and have problems with some larger weapons.
You are too small for most types of armour.
You have supernaturally acute eyesight. (SInv)
You are a herbivore.
You cover ground extremely quickly.
You need consume almost no food.


Message History

The shadow imp is outlined in light.
The centaur wields a shortbow.
The centaur shoots an arrow.
The arrow hits you!
Ouch! That really hurt!
You puncture the shadow imp!
The shadow imp is heavily wounded.
The shadow imp completely misses you.
You hit the shadow imp.
The shadow imp is severely wounded.
The shadow imp barely misses you.
You hit the shadow imp.
The shadow imp is almost dead.
The shadow imp picks up a beetle and eats it.
The shadow imp hits you.
* * * LOW HITPOINT WARNING * * *
You puncture the shadow imp!
You kill the shadow imp!
The Council accepts your kill.
The centaur shoots an arrow.
The arrow misses you.
The centaur shoots an arrow.
The arrow hits you!
You die...

+. ...[... .+ ..
........#
.8.8.8.8.#
.#...#.# ..c..#
...### . ##'##.###
..#####@(.....#
............#.###
....<...........#
..(.....##>)#.###
###...(††.........
#...#.##..###.#.
#.....##.##
#.....##.#
##....##.#


You could see a centaur.

Vanquished Creatures
  A centaur (D:6)
  A bullfrog (D:6)
  A crimson imp (D:6)
  A worker ant (D:6)
  3 adders (D:2)
  A shadow imp (D:5)
  An ooze (D:1)
  A worm (D:2)
  2 dart slugs (D:2)
  2 orcs
  8 bats
  5 goblins (D:1)
  2 hobgoblins (D:1)
  3 jackals (D:5)
  A quokka (D:2)
  A ball python (D:1)
  7 frilled lizards
  6 kobolds
  6 rats
53 creatures vanquished.

Notes
Turn   | Place    | Note
-------+----------+-------------------------------------------
     0 | D:1      | sagitran the Spriggan Enchanter began the quest for the Orb.
     0 | D:1      | Reached XP level 1. HP: 9/9 MP: 5/5
   301 | D:1      | Reached XP level 2. HP: 13/13 MP: 6/6
   734 | D:1      | Reached skill level 5 in Stealth
   831 | D:1      | Reached XP level 3. HP: 16/16 MP: 8/8
  1604 | D:2      | Reached XP level 4. HP: 21/21 MP: 9/9
  1733 | D:2      | Learned a level 2 spell: Ensorcelled Hibernation
  1737 | D:2      | Learned a level 3 spell: Dazzling Spray
  1883 | D:3      | You fall through a shaft for 3 floors!
  1883 | D:6      | Noticed a centaur
  1885 | D:6      | Killed a centaur
  1885 | D:6      | Reached skill level 6 in Stealth
  1885 | D:6      | Reached XP level 5. HP: 25/25 MP: 10/10
  1910 | D:6      | Found Reepatwi's Book Emporium.
  2015 | D:6      | Reached skill level 7 in Stealth
  2052 | D:6      | Reached XP level 6. HP: 24/29 MP: 11/11
  2061 | D:6      | Found an ornate altar of the Wu Jian Council.
  2063 | D:6      | Found a sparkling altar of Nemelex Xobeh.
  2069 | D:6      | Became a worshipper of the Wu Jian Council
  2076 | D:5      | Entered Level 5 of the Dungeon
  2098 | D:5      | Shot with an arrow by a centaur

Vault maps used:
D:1:      nicolae_arrival_somewhat_less_tricky_arrival, serial_curves,
          eino_curves_04, eino_curves_03
D:3:      grunt_temple_overflow_cloverleaf
D:5:      fedhas_altar_2, grunt_dithmenos_shadows, kiku_gazebo_garden_becter,
          cheibrodos_sewer_entry_sluice, first_bread, dk_noncrumbling_3,
          uniq_edmund, uniq_grinder
D:6:      chequers_temple_overflow_statue_of_worship, serial_shops,
          kennysheep_little_box

Skill      XL: |  1  2  3  4  5 |
---------------+----------------+-----
Hexes          | 4 |  4.4
Stealth        | 5 6 7 |  7.4
Short Blades   | 2 3 |  3.6
Dodging        | 4 |  4.2
Fighting       | |  0.9
Spellcasting   | |  2.9

Action                   |  1- 3 |  4- 6 || total
-------------------------+-------+-------++-------
Melee: Dagger            |    28 |       ||    28
       Short sword       |    44 |    33 ||    77
 Cast: Corona            |       |     1 ||     1
  Use: Scroll            |     2 |     6 ||     8
 Stab: Sleeping          |    12 |     3 ||    15
Armor: Robe              |     5 |     2 ||     7
Dodge: Dodged            |    44 |    21 ||    65

Table legend:
 A = Spawn XP
 B = Non-spawn XP
 C = Spawn XP percentage of total XP
 D = Spawn monster count
 E = Non-spawn monster count
 F = Spawn count percentage of total count
 G = Total turns spent on level
                    A         B        C        D         E        F      G
               +---------+---------+-------+---------+---------+-------+---------
         Total |       0 |     411 |   0.0 |       0 |      53 |   0.0 |  2098
               +---------+---------+-------+---------+---------+-------+---------
           D:1 |       0 |      44 |   0.0 |       0 |      26 |   0.0 |  1221
           D:2 |       0 |      68 |   0.0 |       0 |      17 |   0.0 |   611
           D:3 |       0 |       3 |   0.0 |       0 |       1 |   0.0 |    51
           D:5 |       0 |      21 |   0.0 |       0 |       5 |   0.0 |    22
           D:6 |       0 |     275 |   0.0 |       0 |       4 |   0.0 |   193
               +---------+---------+-------+---------+---------+-------+---------
